 Dungeon Crawl Stone Soup version 0.29-a0-334-gb41bcbb86e (webtiles) character file.

Game seed: 10933093862516383158

429 spaghetti the Magician (level 6, -4/36 HPs)
             Began as an Octopode Conjurer on Apr 14, 2022.
             Was a Priest of Jiyva.
             Slain by a gnoll
             ... wielding a +0 whip
              (7 damage)
             ... on level 5 of the Dungeon.
             The game lasted 00:05:28 (2417 turns).

spaghetti the Magician (Octopode Conjurer)          Turns: 2417, Time: 00:05:28

Health: -4/36      AC:  1    Str:  6    XL:     6   Next: 98%
Magic:  5/14       EV: 13    Int: 22    God:    Jiyva [***...]
Gold:   83         SH:  0    Dex: 17    Spells: 13/16 levels left

rFire   . . .      SeeInvis +   d - +4 dagger {short}
rCold   + . .      Faith    .   (no shield)
rNeg    + . .      Spirit   .   (no amulet)
rPois   +          Reflect  .   n - ring of poison resistance
rElec   .          Harm     .   p - ring of Vehumet's Outrage {rC+ rN+ Dex+6}
rCorr   +          Rampage  .   (no ring)
Will    .....                   (no ring)
Stlth   +++.......              (no ring)
HPRegen 1.24/turn               (no ring)
MPRegen 0.49/turn               (no ring)
                                (no ring)

@: attractive, very slightly contaminated
A: almost no armour, amphibious, 8 rings, camouflage 1, gelatinous body 1,
(nimble swimmer 1), tentacles, antennae 3, acidic bite
a: Renounce Religion, Oozemancy


You were on level 5 of the Dungeon.
You worshipped Jiyva.
Jiyva was most pleased with you.
You visited 1 branch of the dungeon, and saw 5 of its levels.

You collected 83 gold pieces.


Innate Abilities, Weirdness & Mutations

You cannot wear most types of armour.
You are amphibious.
You can wear up to eight rings at the same time.
Your skin changes colour to match your surroundings (Stealth+).
Your rubbery body absorbs attacks. (AC +1, EV +1)
((You are camouflaged when in or above water. (Stealth+)))
You have tentacles for arms and can constrict up to eight enemies at once.
You have a pair of large antennae on your head. (SInv)
You have acidic saliva.


   Skills:
 - Level 2.0 Dodging
 - Level 2.6 Stealth
 + Level 5.8 Spellcasting
 - Level 4.0 Conjurations
 - Level 2.0 Air Magic
 - Level 3.0 Poison Magic


You had 13 spell levels left.
You knew the following spells:

 Your Spells              Type           Power      Damage    Failure   Level
a - Magic Dart            Conj           92%        1d7       1%          1
b - Poisonous Vapours     Pois/Air       34%        N/A       4%          2

Your spell library contained the following spells:

 Spells                   Type           Power      Damage    Failure   Level
 Searing Ray              Conj           46%        2d6       2%          2
 Sting                    Tmut/Pois      48%        1d5       4%          1
 Dazzling Flash           Conj/Hex       30%        N/A       12%         3
 Olgreb's Toxic Radiance  Pois           19%        N/A       26%         4
 Ozocubu's Armour         Ice            6%         N/A       28%         3
 Fulminant Prism          Conj/Hex       7%         3d7       38%         4
 Iskenderun's Mystic Bla  Conj/Tloc      15%        2d5       38%         4
 Ozocubu's Refrigeration  Ice            3%         4d5       100%        7

Inventory:

Hand Weapons
 b - a +0 dagger {short}
   (You found it on level 1 of the Dungeon)
 c - a +0 dagger {short}
   (You found it on level 1 of the Dungeon)
 d - a +4 dagger (weapon) {short}
   (You took it off a goblin on level 1 of the Dungeon)
 e - a +0 dagger {short}
   (You took it off a goblin on level 1 of the Dungeon)
Missiles
 f - 72 stones {throwing}
 o - 3 boomerangs {throwing}
 s - 2 poisoned darts {throwing}
 u - 4 atropa-tipped darts {throwing}
Magical Staves
 l - a staff of air {!astaff}
   (You found it on level 3 of the Dungeon)
Jewellery
 n - a ring of poison resistance (left tentacle)
   (You found it on level 3 of the Dungeon)
 p - the ring of Vehumet's Outrage (right tentacle) {rC+ rN+ Dex+6}
   (You found it on level 3 of the Dungeon)

   [ring of dexterity]

   Dex:       It affects your dexterity (+6).
   rC:        It protects you from cold.
   rN:        It protects you from negative energy.
Scrolls
 g - 2 scrolls of magic mapping {unknown}
 j - 4 scrolls of amnesia {unknown}
 k - 2 scrolls of teleportation {unknown}
 m - a scroll of fear {unknown}
 r - a scroll of holy word {unknown}
 t - a scroll of identify {unknown}
Potions
 a - a potion of magic
 h - a potion of curing {@q1}
 q - a potion of ambrosia {unknown}

Dungeon Overview and Level Annotations

Branches:
Dungeon (5/15)
 Temple: D:4-7

Altars:
Kikubaaqudgha
Wu Jian
Yredelemnul
The Shining One
Jiyva

Shops:
D:1

[ ### ## ######.#####
###.## ##..........##
#......
#............####.......
#.<.......#...##........
#.........##............
##........###...........
#........# #...gg......
##......## ##..@.g.....
#......# ##..#......
.####### #..###.....
#..## ###.. #..# # .J##
J.# ..


You could see a gnoll shaman, 2 gnolls and 2 neutral jellies (fellow slime).


Message History

The kobold shoots a bolt.
The bolt hits the jelly.
You hear a slurping noise.
The jelly splits in two! 😮 HP[+1]
Aiming: Magic Dart (safe; 1% risk of failure)
Press: ? - help, Q - select action, (/) - cycle Shift-Dir - straight line, f - gnoll shaman
Aim: a gnoll shaman, wielding a +0 club and wearing a +0 robe (100% to hit)
The magic dart hits the gnoll shaman.
The kobold shoots a bolt.
The bolt hits the jelly.
The jelly hits the kobold.
The kobold is splashed with acid.
The kobold dies! 😕 HP[+2] MP[-1]
You regained 2 hp, and now have 28/36 hp.
You lost 1 mp, and now have 7/14 mp.
Aiming: Magic Dart (safe; 1% risk of failure)
Press: ? - help, Q - select action, (/) - cycle Shift-Dir - straight line, f/p - gnoll shaman
Aim: a gnoll shaman, wielding a +0 club and wearing a +0 robe (lightly wounded, 100% to hit)
The magic dart hits the gnoll shaman. 😕 HP[+1]
Casting: Magic Dart (safe; 1% risk of failure)
Confirm with . or Enter, or press ? or * to list all spells.
Aiming: Poisonous Vapours (safe; 4% risk of failure)
Press: ? - help, Dir - move target, f/p - gnoll shaman
Aim: a gnoll shaman, wielding a +0 club and wearing a +0 robe (moderately wounded) Poisonous vapours surround the gnoll shaman!
The gnoll shaman is poisoned.
The gnoll shaman barely misses you.
You hear a distant slurping noise.
A gnoll comes into view. It is wielding a +0 whip.
A gnoll comes into view.
It is wielding a +0 spear. 😕 HP[+1] MP[-2]
You lost 2 mp, and now have 5/14 mp.
Casting: Poisonous Vapours (safe; 4% risk of failure)
Confirm with . or Enter, or press ? or * to list all spells.
Aiming: Poisonous Vapours (safe; 4% risk of failure)
Press: ? - help, Dir - move target, f/p - gnoll shaman
Aim: a gnoll shaman, wielding a +0 club and wearing a +0 robe (heavily wounded, poisoned)
You miscast Poisonous Vapours.
You are very lightly contaminated with residual magic.
Nothing appears to happen.
The gnoll shouts!
The gnoll shaman hits you with a +0 club.
You hear a slurping noise. 😕 HP[-1] MP[-1]
You take 1 damage, and now have 29/36 hp.
You lost 1 mp, and now have 4/14 mp.
No previous command to re-do.
Unknown command.
Aiming: Magic Dart (safe; 1% risk of failure)
Press: ? - help, Q - select action, (/) - cycle Shift-Dir - straight line, f/p - gnoll shaman
Aim: a gnoll shaman, wielding a +0 club and wearing a +0 robe (heavily wounded, poisoned, 100% to hit)
The magic dart hits the gnoll shaman.
The gnoll shaman closely misses you. 😕 HP[+1] MP[-1]
You lost 1 mp, and now have 3/14 mp.
Aiming: Magic Dart (safe; 1% risk of failure)
Press: ? - help, Q - select action, (/) - cycle Shift-Dir - straight line, f/p - gnoll shaman
Aim: a gnoll shaman, wielding a +0 club and wearing a +0 robe (heavily wounded, poisoned, 100% to hit)
The magic dart hits the gnoll shaman but does no damage.
You hear a slurping noise.
The gnoll shaman hits you with a +0 club.
No previous command to re-do.
No previous command to re-do.
No previous command to re-do.
You hit the gnoll shaman. You grab the gnoll shaman.
You bite the gnoll shaman, but do no damage.
You constrict the gnoll shaman.
The gnoll shaman mumbles some strange prayers to its god.
The gnoll shaman is healed somewhat. 😕 HP[+1]
You hit the gnoll shaman but do no damage.
You constrict the gnoll shaman.
The gnoll shaman hits you with a +0 club. 😮 HP[-4] MP[+1]
You take 4 damage, and now have 27/36 hp.
You completely miss the gnoll shaman.
You bite the gnoll shaman, but do no damage.
You constrict the gnoll shaman.
The gnoll shaman looks more healthy.
You hear a slurping noise.
The gnoll shaman hits you with a +0 club!
* * * LOW HITPOINT WARNING * * *
The gnoll hits you from afar with a +0 spear.
* * * LOW HITPOINT WARNING * * *
😨 HP[-16]
You take 16 damage, and now have 11/36 hp.
MASSIVE DAMAGE!! (PAUSE) It was a potion of curing.
You feel better.
You constrict the gnoll shaman, but do no damage.
The gnoll shaman hits you with a +0 club!
* * * LOW HITPOINT WARNING * * *
The gnoll hits you from afar with a +0 spear!
* * * LOW HITPOINT WARNING * * *
😱 HP[-9] MP[+1]
You take 9 damage, and now have 2/36 hp.
MASSIVE DAMAGE!! (PAUSE) It was a potion of attraction.
You feel attractive to monsters.
You constrict the gnoll shaman.
The gnoll shaman utters an invocation to its god.
The gnoll shaman is healed somewhat.
The gnoll hits you with a +0 whip!
You die...

Skill      XL: |  1  2  3  4  5  6 |
---------------+-------------------+-----
Spellcasting   | 3 4 5 |  5.8
Poison Magic   | 1 2 3 |  3.0
Air Magic      | 1 2 |  2.0
Dodging        | |  2.0
Stealth        | |  2.6
Conjurations   | |  4.0

Action                   |  1- 3 |  4- 6 || total
-------------------------+-------+-------++-------
Melee: Dagger            |     5 |    44 ||    49
       Constrict         |     1 |    12 ||    13
       Tentacles         |     1 |     9 ||    10
       Bite              |       |    11 ||    11
       Punch             |       |     1 ||     1
 Cast: Magic Dart        |    85 |    78 ||   163
       Poisonous Vapours |       |     6 ||     6
  Use: Potion            |       |     2 ||     2
Armor: Skin              |     1 |     4 ||     5
Dodge: Dodged            |     7 |    39 ||    46

Levels and vault maps discovered:
D:1:      mushboom_english_gardens, layout_rooms,
          chequers_ecumenical_altar_island, serial_shops,
          nicolae_shop_temple_entry_statues_fountains, minmay_misc_feat_chi,
          minmay_misc_feat_encased
D:2:      layout_basic, uniq_robin
D:3:      layout_loops_ring, nicolae_kikubaaqudgha_miasma_corner,
          grunt_temple_overflow_holy_war, pdpol_wu_jian_five_deadly_venoms,
          gup_sewer_entry_bowl, kennysheep_nondescript,
          chequers_serial_rivers_small_3
D:4:      layout_cave_pools
D:5:      layout_cave_pods, grunt_dithmenos_shadows, grunt_temple_overflow_open,
          eat_drink_and_be_merry_uskayaw

Notes
Turn   | Place    | Note
-------+----------+-------------------------------------------
     0 | D:1      | spaghetti the Octopode Conjurer began the quest for the
                  | Orb.
     0 | D:1      | Reached XP level 1. HP: 11/11 MP: 3/3
     0 | D:1      | magus.rc [v1.9.6]
   161 | D:1      | Reached XP level 2. HP: 17/17 MP: 0/5
   262 | D:1      | Found a faded altar of an unknown god.
   278 | D:1      | Prayed at the altar of an unknown god.
   278 | D:1      | Became a worshipper of Jiyva Jimodij the Shapeless
   278 | D:1      | Reached * piety under Jiyva
   309 | D:1      | You add the spells Sting, Poisonous Vapours and Olgreb's
                  | Toxic Radiance to your library.
   313 | D:1      | Learned a level 2 spell: Poisonous Vapours
   481 | D:1      | Reached skill level 3 in Spellcasting
   481 | D:1      | Reached XP level 3. HP: 21/21 MP: 4/7
   544 | D:1      | Found Nydyk's Antique Armour Shoppe.
   636 | D:1      | Reached skill level 1 in Poison Magic
   690 | D:1      | Reached ** piety under Jiyva
   837 | D:2      | You add the spells Ozocubu's Armour and Ozocubu's
                  | Refrigeration to your library.
   958 | D:2      | Reached skill level 1 in Air Magic
   971 | D:2      | Killed Robin
  1083 | D:2      | You fall into a shaft and drop 1 floor!
  1146 | D:3      | Reached XP level 4. HP: 27/27 MP: 4/8
  1178 | D:3      | Found an ancient bone altar of Kikubaaqudgha.
  1471 | D:3      | Reached *** piety under Jiyva
  1498 | D:3      | Reached skill level 2 in Poison Magic
  1587 | D:3      | Gained mutation: You have a pair of small antennae on your
                  | head. [Jiyva's grace]
  1587 | D:3      | Gained mutation: You have a pair of antennae on your head.
                  | [Jiyva's grace]
  1587 | D:3      | Gained mutation: You have a pair of large antennae on your
                  | head. (SInv) [Jiyva's grace]
  1587 | D:3      | Gained mutation: You have acidic saliva. [Jiyva's grace]
  1644 | D:3      | Found a basalt altar of Yredelemnul.
  1651 | D:3      | Found a glowing golden altar of the Shining One.
  1653 | D:3      | Noticed an angel
  1703 | D:3      | Found an ornate altar of the Wu Jian Council.
  1812 | D:3      | Identified the ring of Vehumet's Outrage {rC+ rN+ Dex+6}
  2024 | D:4      | Reached skill level 2 in Air Magic
  2024 | D:4      | Reached XP level 5. HP: 17/31 MP: 10/10
  2031 | D:4      | Reached skill level 3 in Poison Magic
  2064 | D:4      | Noticed an ogre
  2069 | D:4      | Killed an ogre
  2070 | D:4      | Reached skill level 4 in Spellcasting
  2070 | D:4      | Reached XP level 6. HP: 36/36 MP: 10/13
  2358 | D:5      | Entered Level 5 of the Dungeon
  2387 | D:5      | Reached skill level 5 in Spellcasting
  2416 | D:5      | HP: 9/36 [gnoll shaman/+0 club (11)]
  2416 | D:5      | HP: 2/36 [gnoll/+0 spear (7)]
  2417 | D:5      | Slain by a gnoll

Vanquished Creatures
  An ogre (D:4)
  A kobold brigand (D:5)
  A howler monkey (D:5)
  A hound (D:4)
  3 iguanas
  An orc wizard (D:3)
  2 adders
  2 worms (D:2)
  3 dart slugs
  13 orcs
  2 giant cockroaches
  10 goblins
  6 hobgoblins
  2 quokkas
  4 ball pythons
  6 bats
  2 frilled lizards
  11 kobolds
  3 rats (D:1)
74 creatures vanquished.

Vanquished Creatures (others)
  3 jellies
  An orc wizard (D:3)
  Robin (D:2)
  An ufetubus (D:5)
  An endoplasm (D:2)
  5 orcs
  A bat (D:2)
  2 giant cockroaches (D:3)
  7 goblins (D:2)
  2 hobgoblins (D:2)
  3 kobolds
  A ball python (D:2)
28 creatures vanquished.

Grand Total: 102 creatures vanquished

Table legend:
 A = Non-vault XP
 B = Vault XP
 C = Vault XP percentage of total XP
 D = Non-vault monster count
 E = Vault monster count
 F = Vault count percentage of total count
                 A         B        C        D         E       F
            +---------+---------+-------+---------+---------+-------
      Total |     609 |       4 |   0.7 |      72 |       2 |   2.7
            +---------+---------+-------+---------+---------+-------
        D:1 |      42 |       0 |   0.0 |      24 |       0 |   0.0
        D:2 |      31 |       4 |  11.4 |       8 |       2 |  20.0
        D:3 |      60 |       0 |   0.0 |      17 |       0 |   0.0
        D:4 |     266 |       0 |   0.0 |      13 |       0 |   0.0
        D:5 |     210 |       0 |   0.0 |      10 |       0 |   0.0
            +---------+---------+-------+---------+---------+-------

Illustrated notes

Table legend:
 A = Kills in this place as a percentage of kills in entire the game.
 B = Kills by you in this place as a percentage of kills by you in the entire game.
 C = Kills by friends in this place as a percentage of kills by friends in the entire game.
 D = Other kills in this place as a percentage of other kills in the entire game.
 E = Experience gained in this place as a percentage of experience gained in the entire game.
 F = Experience gained in this place divided by the number of levels of this place that you have seen.
                   A       B       C       D       E      F
               +-------+-------+-------+-------+-------+----------------------
         Total | 100.0 | 100.0 |   N/A |   N/A | 100.0 | 122.6
       Dungeon | 100.0 | 100.0 |   N/A |   N/A | 100.0 | 122.6
               +-------+-------+-------+-------+-------+----------------------

Table legend: (Time is in decaauts)
 A = Elapsed time spent in this place.
 B = Non-inter-level travel time spent in this place.
 C = Inter-level travel time spent in this place.
 D = Time resting spent in this place.
 E = Time spent auto-exploring this place.
 F = Levels seen in this place.
 G = Mean time per level.
                   A        B        C        D        E       F      G
               +--------+--------+--------+--------+--------+-----+--------+
         Total |   2414 |   2350 |     64 |    162 |   1802 |   5 |  482.8 |
       Dungeon |   2414 |   2350 |     64 |    162 |   1802 |   5 |  482.8 |
               +--------+--------+--------+--------+--------+-----+--------+

Top non-repeatable levels by time:
     D:3: 798 daAuts
     D:1: 785 daAuts
     D:4: 474 daAuts
     D:2: 296 daAuts
     D:5: 58 daAuts
